 Seeded DCSS version 0.27-a0-1188-g73eefd5def (webtiles) character file.

Game seed: 16767568107801894396 (custom seed)

2 Shayle the Vexing (level 1, -1/13 HPs)
             Began as a Demonspawn Enchanter on May 21, 2021.
             Slain by a kobold
             ... wielding a +0 dagger
              (4 damage)
             ... on level 2 of the Dungeon.
             The game lasted 00:00:40 (66 turns).

Shayle the Vexing (Demonspawn Enchanter)              Turns: 66, Time: 00:00:40

Health: -1/13      AC:  2    Str:  8    XL:     1   Next: 25%
Magic:  3/3        EV: 12    Int: 16    God:
Gold:   0          SH:  0    Dex: 13    Spells: 3/4 levels left

rFire    . . .     SeeInvis .   a - +1 dagger
rCold    . . .     Faith    .   (no shield)
rNeg     . . .     Spirit   .   b - +0 robe
rPois    .         Reflect  .   (no helmet)
rElec    .         Harm     .   (no cloak)
rCorr    .         Rampage  .   (no gloves)
Will     .....                  (no boots)
Stlth    ++........             (no amulet)
HPRegen  0.04/turn              (no ring)
MPRegen  0.08/turn              (no ring)

@: no status effects
A: no striking features
a: no special abilities


You were on level 2 of the Dungeon.
You visited 1 branch of the dungeon, and saw 2 of its levels.

Inventory:

Hand Weapons
 a - a +1 dagger (weapon)
Armour
 b - a +0 robe (worn)


   Skills:
 - Level 0.8 Short Blades
 + Level 1.8 Dodging
 + Level 2.7 Stealth
 - Level 2.0 Spellcasting
 - Level 3.0 Hexes


You had 3 spell levels left.
You knew the following spells:

 Your Spells              Type           Power      Damage    Failure   Level
a - Corona                Hex            12%        N/A       6%          1

Your spell library contained the following spells:

 Spells                   Type           Power      Damage    Failure   Level
 Ensorcelled Hibernation  Hex/Ice        12%        N/A       17%         2
 Confusing Touch          Hex            11%        N/A       19%         3
 Tukima's Dance           Hex            11%        N/A       19%         3
 Dazzling Flash           Conj/Hex       12%        N/A       32%         3


Dungeon Overview and Level Annotations

Branches:
Dungeon (2/15)

Altars:


Message History

You closely miss the ball python.
A hobgoblin comes into view.
The ball python bites you. The ball python constricts you.
You hit the ball python.
You kill the ball python!
You hit the kobold.
The kobold is moderately wounded.
The hobgoblin throws a stone.
The stone barely misses you. The kobold hits you with a +0 dagger.
You barely miss the kobold.
The kobold is moderately wounded.
The kobold barely misses you.
You completely miss the kobold.
The kobold is moderately wounded.
The hobgoblin throws a stone.
The stone hits you but does no damage. The kobold hits you but does no damage.
You completely miss the kobold.
The kobold is moderately wounded.
The hobgoblin throws a stone.
The stone hits you. The kobold misses you.
You hit the kobold but do no damage.
The kobold is moderately wounded.
The hobgoblin throws a stone.
The stone completely misses you. The kobold hits you with a +0 dagger.
Unknown command.
You barely miss the kobold.
The kobold is moderately wounded.
The kobold hits you with a +0 dagger.
* * * LOW HITPOINT WARNING * * *
Unknown command.
The kobold hits you but does no damage.
You climb downwards.
A worm comes into view.
Found 25 gold pieces.
There is a stone staircase leading up here.
Unknown command.
The kobold hits you but does no damage.
You barely miss the kobold.
The kobold is moderately wounded.
The kobold hits you with a +0 dagger.
You die...

.... .... #$.#
# #..#
#.####..#
#....#..###.#
#....#......#.
#....@<.......
#....K.......w
#.............
#.#.#####.#...
..... $# .#
....^. . .
#.#.# . .. ..


You could see a kobold.

Vanquished Creatures
  2 ball pythons (D:1)
2 creatures vanquished.

Notes
Turn   | Place    | Note
-------+----------+-------------------------------------------
     0 | D:1      | Shayle the Demonspawn Enchanter began the quest for the
                  | Orb.
     0 | D:1      | Reached XP level 1. HP: 13/13 MP: 3/3
    66 | D:2      | Slain by a kobold

Illustrated notes

Levels and vault maps discovered:
D:1:      dpeg_arrival_pits, layout_loops_ring, serial_shops, shop,
          minmay_pentomino_w4
D:2:      layout_basic, serial_shops, nicolae_shop_behind_doors, shop,
          shop_statue, shop, nicolae_shop_statue_plus,
          shapermc_ecumenical_altar_totnotflames, uniq_jessica

Action                   || total
-------------------------++-------
Melee: Dagger            ||    13
Armor: Robe              ||     6
Dodge: Dodged            ||    11

Table legend: (Time is in decaauts)
 A = Elapsed time spent in this place.
 B = Non-inter-level travel time spent in this place.
 C = Inter-level travel time spent in this place.
 D = Time resting spent in this place.
 E = Time spent auto-exploring this place.
 F = Levels seen in this place.
 G = Mean time per level.
                   A        B        C        D        E       F      G
               +--------+--------+--------+--------+--------+-----+--------+
         Total |     65 |     65 |      0 |      0 |     14 |   2 |   32.5 |
       Dungeon |     65 |     65 |      0 |      0 |     14 |   2 |   32.5 |
               +--------+--------+--------+--------+--------+-----+--------+

Top non-repeatable levels by time:
     D:1: 63 daAuts
     D:2: 1 daAuts
